AoeStats
← jjbrown85

Lombardia

509992209Analyzed
2v2 RM · 5d ago on Sep 28, 2026· 40m 10s· 4 players
Game mode
Random Map
Map size
Medium (4 player)
Population
200
Speed
Normal
Resources
Standard
Victory
Conquest
Starting age
Dark Age
Ending age
Imperial Age
RankedLock teamsTeams togetherTeam positionsShared explorationLock speedFull tech treeHidden civsTurbo modeCheats
Victory
Defeat
🇨🇦 Saxons · Canada
1014
+15
🇺🇸 Danes · United States
1010
+16
🇲🇽 Gurjaras · Mexico
1003
-16
🇲🇽 Hindustanis · Mexico
998
-15
Charlie
9:59 Feudal Age
8:19 Loom
11:08 Town Watch
11:16 Double-Bit Axe
12:54 Bloodlines
13:30 Horse Collar
19:54 Wheelbarrow
22:40 Castle Age
22:56 Light Cavalry
23:38 Husbandry
23:47 Scale Barding Armor
23:53 Forging
24:01 Hand Cart
23:54 Heavy Plow
29:44 Chain Barding Armor
35:25 Scale Mail Armor
38:22 Chain Mail Armor
39:33 Iron Casting
39:10 Arson
39:25 Squires
AtakesTontos
3:53 Loom
10:36 Feudal Age
11:20 Double-Bit Axe
12:39 Wheelbarrow
17:21 Fletching
19:26 Bloodlines
22:43 Castle Age
21:54 Padded Archer Armor
34:16 Bodkin Arrow
Praetor Pete
8:47 Loom
10:58 Feudal Age
15:17 Castle Age
13:45 Double-Bit Axe
16:12 Bow Saw
16:45 Horse Collar
17:40 Scale Mail Armor
18:00 Scale Mail Armor
18:44 Squires
18:30 Gambesons
22:57 Wheelbarrow
23:51 Chain Mail Armor
27:11 Town Watch
28:22 Arson
28:59 Forging
28:30 Horse Collar
28:42 Gold Mining
32:30 Fletching
35:53 Iron Casting
37:34 Hand Cart
39:49 Imperial Age
38:43 Town Patrol
jjbrown85
6:13 Loom
9:52 Feudal Age
9:56 Man-at-Arms
12:07 Double-Bit Axe
14:50 Scale Mail Armor
17:16 Fletching
18:07 Horse Collar
27:40 Castle Age
27:48 Forging
30:06 Heavy Plow
30:48 Wheelbarrow
30:28 Bow Saw
30:09 Elite Skirmisher
30:39 Town Watch
31:59 Chain Mail Armor
31:40 Bodkin Arrow
32:20 Gambesons
32:35 Squires
32:22 Arson
34:34 Padded Archer Armor
Connection lost

Rejoining the realm…

Still unreachable

The connection could not be restored.

Session expired

The server has moved on; the page needs a fresh start.